[Event "Srdja Dragasevic Memorial-A 2024"]
[Site "Cetinje"]
[Date "2024.06.25"]
[Round "5.16"]
[White "Engin, Onur Cinar"]
[Black "Skvortsova, Alena"]
[Result "1/2-1/2"]
[ECO "C41"]
[WhiteElo "2114"]
[BlackElo "2170"]
[Annotator "RC"]
[PlyCount "226"]
[EventDate "2024.06.23"]
[EventType "swiss"]
[EventCountry "MNE"]
[SourceTitle "playchess.com"]
[Source "ChessBase"]
[SourceQuality "1"]
[TimeControl "40/5400+30:1800+30"]

1. e4 d6 2. d4 Nf6 3. Nc3 e5 4. Nf3 Nbd7 5. Bc4 Be7 6. O-O O-O 7. Re1 c6 8. a4 Re8 9. h3 h6 10. a5 Bf8 11. d5 b5 12. Ba2 cxd5 13. Nxd5 Bb7 14. a6 Bxd5 15. Bxd5 Nxd5 16. Qxd5 Rb8 17. Bd2 Nf6 18. Qb3 Qc7 19. Nh4 Qc6 20. Qf3 d5 21. exd5 Qxd5 22. Be3 e4 23. Qd1 Qe6 24. Bxa7 Rbd8 25. Qc1 g5 26. Nf3 Qd7 27. Bb6 Rb8 28. a7 Rxb6 29. a8=Q Rxa8 30. Rxa8 exf3 31. Rd1 Rd6 32. Rxd6 Qxd6 33. gxf3 Qd5 34. Qa1 Qxf3 35. Qa3 Qd1+ 36. Kh2 Nd7 37. Qd3 Qxd3 38. cxd3 Kg7 39. d4 b4 40. Kg2 Nb6 41. Ra2 Be7 42. b3 Bf6 43. Ra5 Nc8 44. Rb5 Na7 45. Rb7 Bxd4 46. Rxb4 Be5 47. Rb7 Nc6 48. Kf3 Bd4 49. Rc7 Nd8 50. b4 h5 51. b5 h4 52. Rc2 f5 53. Ra2 Ne6 54. Ra6 Nf4 55. b6 Bxb6 56. Rxb6 Nxh3 57. Kg2 Nf4+ 58. Kf3 Ng6 59. Rb4 Kh6 60. Ra4 g4+ 61. Kg2 Kg5 62. Ra5 Nf4+ 63. Kh2 Nd3 64. Kg2 Nc1 65. Rc5 Nd3 66. Ra5 Ne1+ 67. Kh2 Kf4 68. Rb5 Nf3+ 69. Kh1 Nd2 70. Ra5 Ne4 71. Kg1 h3 72. Ra4 Kg5 73. Ra8 Nd2 74. Ra4 Kh4 75. Ra8 Nf3+ 76. Kh1 Nd4 77. Rd8 Ne6 78. Re8 Ng7 79. Rf8 Kg5 80. Rg8 Kf6 81. Ra8 Ne6 82. Ra5 Ng5 83. Kg1 Ne4 84. Rb5 Kg5 85. Ra5 h2+ 86. Kxh2 Nxf2 87. Kg2 Ne4 88. Ra4 Kf4 89. Ra5 Nd2 90. Rd5 Nf3 91. Ra5 Nh4+ 92. Kh2 g3+ 93. Kh3 g2 94. Kh2 Kg4 95. Ra2 Kg5 96. Ra8 Kg4 97. Ra2 Kf3 98. Ra3+ Ke2 99. Ra2+ Kf3 100. Ra3+ Kf4 101. Ra4+ Kg5 102. Ra5 Kg6 103. Ra4 Kh5 104. Ra5 Kg4 105. Ra2 f4 106. Rxg2+ Nxg2 107. Kxg2 f3+ 108. Kf2 Kf4 109. Kf1 Ke4 110. Kf2 Kf4 111. Kf1 Ke3 112. Ke1 f2+ 113. Kf1 Kf3 1/2-1/2

[Event "Srdja Dragasevic Memorial-A 2024"]
[Site "Cetinje"]
[Date "2024.06.25"]
[Round "5.17"]
[White "Ivanovic, Bozidar"]
[Black "Bilenkiy, Maksym"]
[Result "1/2-1/2"]
[ECO "C00"]
[WhiteElo "2371"]
[BlackElo "1978"]
[Annotator "RC"]
[PlyCount "84"]
[EventDate "2024.06.23"]
[EventType "swiss"]
[EventCountry "MNE"]
[SourceTitle "playchess.com"]
[Source "ChessBase"]
[SourceQuality "1"]
[TimeControl "40/5400+30:1800+30"]

1. e4 e6 2. d3 d5 3. Nd2 Nf6 4. g3 b6 5. e5 Nfd7 6. f4 c5 7. Bg2 Bb7 8. Ngf3 Nc6 9. O-O Be7 10. Re1 b5 11. Nf1 Rc8 12. g4 Qc7 13. Ng3 O-O 14. Qe2 Nd4 15. Qf2 Nxf3+ 16. Qxf3 Bh4 17. g5 Qb6 18. Be3 Ba8 19. Bf2 Bxg3 20. Qxg3 d4 21. Bxa8 Rxa8 22. Re4 a5 23. Qh3 Rfe8 24. Rae1 g6 25. c3 dxc3 26. bxc3 b4 27. d4 c4 28. d5 Qc7 29. dxe6 Rxe6 30. Qf3 Rc8 31. Rb1 Qb7 32. Qe2 Rec6 33. e6 fxe6 34. Rxe6 Nf8 35. Re7 R6c7 36. Re5 Qc6 37. Bd4 bxc3 38. Bxc3 Rd7 39. Rxa5 Qe6 40. Qe5 Qg4+ 41. Kf2 Qh4+ 42. Kg1 Qg4+ 1/2-1/2